 Dungeon Crawl Stone Soup version 0.18-a0-1805-g8ab820f (webtiles) character file.

852 dvd the Purveyor of Pain (level 7, -8/57 HPs)
             Began as a Deep Dwarf Necromancer on Apr 25, 2016.
             Was an Initiate of Kikubaaqudgha.
             Mangled by an orc warrior
             ... wielding a +0 glaive of pain
              (17 damage)
             ... on level 6 of the Dungeon.
             The game lasted 00:26:47 (5889 turns).

dvd the Purveyor of Pain (Deep Dwarf Necromancer)   Turns: 5889, Time: 00:26:48

Health: -8/57      AC:  5    Str: 11      XL:     7   Next: 69%
Magic:  13/13      EV:  9    Int: 18      God:    Kikubaaqudgha [......]
Gold:   345        SH:  0    Dex: 16 (17) Spells: 4 memorised, 6 levels left

rFire  . . .     SeeInvis .     o - +9 dagger of Ebu Need {pierce, Dex+4}
rCold  . . .     Gourm    .     q - +0 robe
rNeg   . . .     Faith    .     (no shield)
rPois  .         Spirit   .     (no helmet)
rElec  .         Dismiss  .     n - +0 cloak
rCorr  .         Reflect  .     (no gloves)
SustAt .         Harm     .     (no boots)
MR     +....                    t - amulet of magic regeneration
Stlth  +++.......               (no ring)
                                z - +2 ring of protection

@: non-regenerating, somewhat resistant to hostile enchantments, fairly stealthy
A: damage resistance, recharge devices, sense surroundings 1, slow regeneration
3
a: Device Recharging, Renounce Religion


You were on level 6 of the Dungeon.
You worshipped Kikubaaqudgha.
Kikubaaqudgha was noncommittal.
You were not hungry.

You visited 1 branch of the dungeon, and saw 6 of its levels.
You also visited: Sewer.

You collected 345 gold pieces.

Inventory:

Hand Weapons
 a - a +3 whip of freezing
 b - a +3 hunting sling
 g - a +0 whip
 o - the +9 dagger of Ebu Need (weapon) {pierce, Dex+4}
   (You found it on level 4 of the Dungeon)

   It inflicts extra damage upon your enemies.
   It affects your dexterity (+4).
 v - a +0 flail
 A - a +0 spear of flaming
 B - a +0 flail
Missiles
 j - 99 bolts
 m - 3 javelins (quivered)
 s - 49 stones
Armour
 e - a +0 chain mail
 n - a +0 cloak (worn)
 q - a +0 robe (worn)
 w - a +0 scale mail
Jewellery
 t - an amulet of magic regeneration (around neck)
 z - a +2 ring of protection (left hand)
Wands
 c - a wand of heal wounds (6/9)
 y - a wand of lightning (7/15)
Scrolls
 k - 2 scrolls of blinking
 l - 4 scrolls of remove curse
 u - a scroll of fog {unknown}
 x - a scroll of enchant weapon
 F - a scroll of teleportation
Potions
 f - a potion of brilliance
 i - 3 potions of curing
 C - a potion of invisibility {unknown}
 G - 2 potions of heal wounds
Books
 r - a book of Necromancy

   Spells                             Type                      Level
   a - Pain                           Necromancy                   1
   b - Animate Skeleton               Necromancy                   1
   c - Vampiric Draining              Necromancy                   3
   d - Regeneration                   Charms/Necromancy            3
   e - Animate Dead                   Necromancy                   4
   f - Control Undead                 Necromancy                   4
 D - a book of Battle

   Spells                             Type                      Level
   a - Infusion                       Charms                       1
   b - Shroud of Golubria             Charms/Translocation         2
   c - Song of Slaying                Charms                       2
   d - Spectral Weapon                Hexes/Charms                 3
   e - Regeneration                   Charms/Necromancy            3
Comestibles
 d - 4 bread rations
 h - 3 beef jerkies
 p - 6 meat rations
 E - a chunk of flesh


   Skills:
 + Level 1.2 Fighting
 + Level 0.8 Maces & Flails
 + Level 4.1 Dodging
 + Level 3.4 Stealth
 + Level 4.5 Spellcasting
 + Level 7.5 Necromancy


You had 6 spell levels left.
You knew the following spells:

 Your Spells              Type           Power        Failure   Level  Hunger
a - Pain                  Necr           ####         1%          1    None
b - Vampiric Draining     Necr           ####......   1%          3    ###....
c - Animate Dead          Necr           N/A          8%          4    ####...
d - Infusion              Chrm           #...         14%         1    None


Dungeon Overview and Level Annotations

Branches:
Dungeon (6/15)
 Temple: D:4-7

Altars:
Cheibriados
Gozag
Kikubaaqudgha
Makhleb
Ru
Yredelemnul
The Shining One


Innate Abilities, Weirdness & Mutations

You are resistant to damage.
You can recharge devices by infusing magical energy.
You passively map a small area around you.
You do not regenerate naturally.


Message History

Zapping:
c - a wand of heal wounds (7/9)
Press: ? - help, Shift-Dir - straight line, f - you You feel much better.
This wand has 6 charges left.
Your magical infusion is running out.
The orc priest casts a cantrip, but nothing happens.
Found a shiny helmet.
The giant frog barely misses you.
Found 17 gold pieces.
The centaur shoots an arrow.
The arrow hits you!
You see here an arrow.
The giant frog hits you.
The orc priest calls down the wrath of Beogh upon you.
Beogh smites you!
* * * LOW HITPOINT WARNING * * *
You are no longer magically infusing your attacks.
The giant frog hits you but does no damage.
There is a stone staircase leading up here.
The orc warrior hits you from afar with a glaive of pain!!
You die...
Kikubaaqudgha rasps: "You have failed me!
Welcome... death!"

* ### , ..### , ,
....# , *#.#.# *
##*#.#.#
##.##.#.#####* *
.###...#@#.#... ,
........F#.#(#######.#
.#.......o...(.).....#
..........(#.###.....#
,
.#.........o...o......
,##........#.###.[...#
##.......#.# * ...#
<........#.# .# *
.###.....##.. >#


You could see an orc warrior, a giant frog and an orc priest.

Vanquished Creatures
  A necrophage (D:5)
  A centaur (D:5)
  2 giant frogs (Sewer)
  2 crimson imps (D:5)
  A giant frog skeleton (D:5)
  A hound (D:5)
  2 orc priests (D:5)
  An orc wizard (D:5)
  2 iguanas (D:4)
  2 worker ants
  4 gnolls (D:3)
  8 adders
  2 river rats (D:5)
  An ooze (D:2)
  3 worms
  3 dart slugs
  2 giant geckos
  6 orcs
  8 ball pythons
  6 bats
  15 giant cockroaches
  7 goblins
  8 hobgoblins
  8 jackals
  4 quokkas
  11 giant newts
  8 kobolds
  6 rats
125 creatures vanquished.

Vanquished Creatures (collateral kills)
  An orc (D:5)
  A giant newt (D:3)
2 creatures vanquished.

Grand Total: 127 creatures vanquished

Notes
Turn   | Place    | Note
--------------------------------------------------------------
     0 | D:1      | dvd the Deep Dwarf Necromancer began the quest for the Orb.
     0 | D:1      | Reached XP level 1. HP: 15/15 MP: 3/3
   223 | D:1      | Reached XP level 2. HP: 13/22 MP: 1/4
   703 | D:1      | Reached skill level 5 in Necromancy
   930 | D:1      | Reached XP level 3. HP: 15/28 MP: 4/6
   939 | D:1      | Learned a level 3 spell: Vampiric Draining
  1201 | D:2      | Found a burning altar of Makhleb.
  1412 | D:2      | Found an opulent altar of Gozag.
  1545 | D:2      | Found a snail-covered altar of Cheibriados.
  1890 | D:2      | Reached XP level 4. HP: 36/37 MP: 0/7
  2549 | D:3      | Learned a level 4 spell: Animate Dead
  2619 | D:3      | Reached XP level 5. HP: 30/43 MP: 0/9
  2949 | D:3      | Reached skill level 1 in Fighting
  3560 | D:4      | Reached skill level 6 in Necromancy
  3736 | D:4      | Found a basalt altar of Yredelemnul.
  3996 | D:4      | Reached XP level 6. HP: 42/51 MP: 0/10
  4245 | D:4      | Got an encrusted dagger
  4246 | D:4      | Identified the +9 dagger of Ebu Need {pierce, Dex+4} (You found it on level 4 of the Dungeon)
  4415 | D:5      | Entered Level 5 of the Dungeon
  4602 | D:5      | Found a glowing golden altar of the Shining One.
  4672 | D:5      | Found a sacrificial altar of Ru.
  4692 | D:5      | Found a glowing drain.
  4715 | Sewer    | Entered a sewer
  4991 | Sewer    | Reached XP level 7. HP: 37/57 MP: 1/13
  5283 | D:5      | Reached skill level 7 in Necromancy
  5326 | D:5      | Learned a level 1 spell: Infusion
  5439 | D:5      | Found an ancient bone altar of Kikubaaqudgha.
  5450 | D:5      | Became a worshipper of Kikubaaqudgha
  5881 | D:6      | HP: 2/57 [orc warrior/glaive of pain (1)]
  5889 | D:6      | Mangled by an orc warrior

Vault maps used:
D:1:      lordsloth_arrival_two_stooges
D:2:      lightli_temple_of_fire, marbit_many_paths,
          nicolae_gozag_cash_rules_everything_around_me, minmay_misc_feat_rows,
          minmay_misc_feat_columns
D:3:      minmay_strange_pillars, st_stairs_6
D:4:      yredelemnul_altar_generic
D:5:      kennysheep_mini, lemuel_coloured_pillars_altar, lemuel_round_altar,
          portal_sewer_entry_b, first_bread
D:6:      trog_ov_bears_minmay, serial_shops, nicolae_shop_trees,
          uniq_crazy_yiuf_cottage
Sewer:    sewer_frog_island_01

Skill      XL: |  1  2  3  4  5  6  7 |
---------------+----------------------+-----
Necromancy     | 5 6 7 |  7.5
Spellcasting   | 2 3 4 |  4.5
Stealth        | 3 |  3.4
Fighting       | 1 |  1.2
Dodging        | 3 4 |  4.1
Maces & Flails | |  0.8

Action                   |  1- 3 |  4- 6 |  7- 9 || total
-------------------------+-------+-------+-------++-------
Melee: Unarmed           |    22 |       |       ||    22
       Dagger            |    13 |    22 |    17 ||    52
       Whip              |    10 |    94 |       ||   104
 Cast: Pain              |    48 |    57 |     3 ||   108
       Vampiric Draining |    10 |    41 |     4 ||    55
       Animate Dead      |       |     3 |     2 ||     5
       Infusion          |       |       |     4 ||     4
Evoke: Wand              |       |       |     2 ||     2
  Use: Scroll            |     1 |    11 |       ||    12
       Potion            |       |     6 |       ||     6
 Stab: Sleeping          |     7 |     4 |     1 ||    12
  Eat: Chunk             |     4 |    16 |     4 ||    24
Armor: Robe              |    13 |    51 |     6 ||    70
Dodge: Dodged            |    39 |   125 |    16 ||   180
